Zazza, neutral female human Tourist % ---------- ----------- |........-######---------- ------ |.........| |........| #|........| |..... |.........| |......... #|........-######-....| |.........| #.........| #|........| |..^.| ..........| #|........| #-------|--f#####-..>.| -----|----- #---------- ####%#######@####------ # #### ### ######################## # # # # # # ##### ### # -------.------ # -------# |............| |[....-# |............| |.....| |............| |.....| |<...........| |.....| |............. |]....| -------------- ------- Zazza the Rambler Experience level: 1 Strength: 13 Dexterity: 8 Constitution: 17 Intelligence: 11 Wisdom: 8 Charisma: 18 Health: 7(10) Energy: 2(2) Def: 1 Gold: 877 Moves: 1169 Dungeon seed: AhmdF9BHRub1yv8N Game ID: Zazza_1619468569 Your Inventory: Coins $ - 877 gold pieces Weapons a - 29 blessed +2 darts (in quiver) k - a +0 orcish dagger H - a cursed -1 elven dagger (weapon in hand) Armor n - an uncursed +0 Hawaiian shirt (being worn) q - an uncursed +0 orcish helm (being worn) Comestibles b - 6 uncursed food rations c - 4 uncursed eggs l - an uncursed tripe ration o - an uncursed food ration x - an uncursed slime mold Scrolls f - 3 uncursed scrolls of magic mapping g - a blessed scroll of magic mapping w - an uncursed scroll of light E - an uncursed scroll of magic mapping Potions e - 2 uncursed potions of extra healing j - an uncursed potion of speed m - an uncursed potion of fruit juice A - an uncursed potion of extra healing B - an uncursed potion of oil Wands p - a wand of probing (0:4) Tools h - an expensive camera (0:35) i - an uncursed credit card s - a magic marker (0:36) D - an uncursed mirror Gems r - an uncursed worthless piece of blue glass y - 2 uncursed worthless pieces of violet glass Spells and supernatural/magical abilities: Name Level Category Fail Memory W - pray for help -- divine ? -- Your skills at the end: Fighting Skills Weapon Skills dart [Basic] Spellcasting Skills Final Attributes: You were nominally aligned. You were lucky. You survived. Vanquished creatures: a coyote a hobbit a large kobold 3 geckos 2 jackals a fox a goblin 2 grid bugs a lichen 4 newts 17 creatures vanquished. Voluntary challenges: You followed a strict vegan diet. You used a wielded weapon 1 time, starting on turn 1050. You read items or engraved 3 times, starting on turn 1023. You never genocided any monsters. You never polymorphed an object. You never changed form. You used no wishes. You never split a pudding. You wrote Elbereth's name 2 times, starting on turn 1023. You never violated your personal moral code. Dungeon overview: The Dungeons of Doom: levels 1 to 4 Level 1 a long staircase Level 2 stairs to The Gnomish Mines Level 3 Level 4 <- You were here a general store The Gnomish Mines: Level 3 stairs to The Dungeons of Doom History has recorded: On T:1 you entered the Dungeons of Doom to retrieve the Amulet of Yendor! On T:223 you reached level 2 of The Dungeons of Doom. On T:447 you reached level 1 of The Gnomish Mines. On T:551 you reached level 3 of The Dungeons of Doom. On T:731 you reached level 4 of The Dungeons of Doom. Score breakdown: Gold: 376 ( 8763 points) Experience: 1 level ( 0 points) Exploration: 4 levels ( 8.89%) ( 7833 points) Discoveries: 7 items ( 2.35%) ( 4597 points) Valuables value: (no points given unless you survive) Artifact value: 0 ( 0 points) Variety of kills: 10 monsters ( 2.62%) ( 4860 points) Turncount: 1169 turns ( 0 points) Survival: quit (score multiplied by 90%) Total score: 23447 Latest messages: Armand misses the gecko. You miss the gecko. Armand misses the gecko. Armand bites the gecko. The gecko misses Armand. The runed dagger welds itself to your hand! The gecko bites! Armand misses the gecko. As you read the scroll, it disappears. Your nose tingles and you smell food. Armand misses the gecko. Armand bites the gecko. The gecko is killed! You displace Armand. The door opens. You displace Armand. The door opens. You hear some noises in the distance. The door resists! The door opens. $ - 25 gold pieces. The door opens. You displace Armand. Final status: Aloha Zazza the Tourist, quit... You quit in The Dungeons of Doom on dungeon level 4 with 23447 points, and 877 pieces of gold, after 1169 moves. You were level 1 with a maximum of 10 hit points when you quit.